 Dungeon Crawl Stone Soup version 0.31.0-32-g396128a36d (webtiles) character file.

Game seed: 8575537301413473259

188066 Peloso the Minotaur Blade (level 17, -6/129 (168) HPs)
             Began as a Minotaur Fighter on Mar 15, 2024.
             Was the Champion of Okawaru.
             Mangled by an antique champion
             ... wielding a +0 double sword of draining
              (18 damage)
             ... in a wizard's laboratory.
             The game lasted 01:22:27 (35501 turns).

Peloso the Minotaur Blade (Minotaur Fighter)       Turns: 35501, Time: 01:22:28

HP:   -6/129 (168)  AC: 34    Str: 25    XL:     17   Next: 90%
MP:   0/17          EV: 20    Int:  7    God:    Okawaru [******]
Gold: 220           SH: 19    Dex: 23    Spells: 16/16 levels left

rFire   + . .        a - +9 sword of Zonguldrok {reap}
rCold   + + .        d - +0 buckler {rC+ rF+}
rNeg    . . .        y - +8 chain mail "Oqilepee" {rElec Regen+ Int+2}
rPois   .            q - +0 hat
rElec   +            u - +2 cloak {Will+}
rCorr   .            t - +1 pair of gloves
SInv    .            x - +2 pair of boots {Fly}
Will    ++++.        F - brooch of Shielding {Spirit SH+8}
Stlth   +            l - +6 ring of dexterity
HPRegen 1.21/turn    G - ring of the Messenger {rC+ Will++ Str+3 Stlth-}
MPRegen 0.15/turn

%: guardian spirit
@: mighty, heroic, flying, hasted, heavily drained, very quick
A: horns 2, retaliatory headbutt
a: Renounce Religion, Heroism, Finesse, Duel, Receive Weapon, Receive Armour


You were in a wizard's laboratory.
You worshipped Okawaru.
Okawaru was exalted by your worship.
You visited 5 branches of the dungeon, and saw 26 of its levels.
You also visited: Sewer, Gauntlet, Ice Cave and Wizlab.

You collected 2361 gold pieces.
You spent 2141 gold pieces at shops.

Inventory:

Hand Weapons
 a - the +9 sword of Zonguldrok (weapon) {reap}
   (You bought it in a shop on level 2 of the Orcish Mines)
 b - a +4 scimitar of flaming
 c - a +3 scimitar of flaming
Armour
 d - a +0 buckler of resistance (worn)
 f - the +0 pair of boots "Qeanou" {rPois}
   (You bought it in a shop on level 3 of the Elven Halls)

   rPois:     It protects you from poison
 q - a +0 hat (worn)
 t - a +1 pair of gloves (worn)
 u - a +2 cloak of willpower (worn)
 x - a +2 pair of boots of flying (worn)
 y - the +8 chain mail "Oqilepee" (worn) {rElec Regen+ Int+2}
   (You found it on level 13 of the Dungeon)

   Int+2:     It affects your intelligence (+2).
   rElec:     It insulates you from electricity.
   Regen+:    It increases your rate of health regeneration.
Jewellery
 l - a +6 ring of dexterity (left hand)
 s - a ring of see invisible
 F - the brooch of Shielding (around neck) {Spirit SH+8}
   (You found it on level 13 of the Dungeon)

   [amulet of guardian spirit]

   Spirit:    It causes incoming damage to be divided between your reserves of
   health and magic.
   SH+8:      It affects your SH (+8).
 G - the ring of the Messenger (right hand) {rC+ Will++ Str+3 Stlth-}
   (You found it in a Gauntlet)

   [ring of protection from cold]

   Str+3:     It affects your strength (+3).
   rC+:       It protects you from cold.
   Will++:    It greatly increases your willpower.
   Stlth-:    It makes you less stealthy.
 T - a ring of resist corrosion
Talismans
 P - a dragon-blood talisman
 Z - a storm talisman
Scrolls
 g - 6 scrolls of blinking
 k - 3 scrolls of vulnerability
 r - 8 scrolls of teleportation
 w - 9 scrolls of poison
 H - 3 scrolls of immolation
 K - 2 scrolls of fear
 L - a scroll of revelation
Potions
 e - 8 potions of might
 i - 3 potions of curing
 j - 5 potions of haste
 o - a potion of invisibility
 p - 5 potions of enlightenment
 z - 6 potions of mutation
 A - 2 potions of lignification
 B - 3 potions of resistance
 D - 3 potions of brilliance
 E - a potion of cancellation
 J - 2 potions of heal wounds
 X - a potion of berserk rage


   Skills:
 + Level 19.4(24.4) Fighting
 + Level 21.0(26.0) Long Blades
 + Level 16.8(21.8) Armour
 + Level 10.5(15.5) Dodging
 + Level 4.0(9.0) Stealth
 + Level 17.9(22.9) Shields
 + Level 1.3(6.3) Unarmed Combat
 + Level 2.4 Invocations
 + Level 1.1 Evocations


You had 16 spell levels left.
You didn't know any spells.
Your spell library contained the following spells:

 Spells                   Type           Power      Damage    Failure   Level
 Kiss of Death            Conj/Necr      0%         2d5       77%         1
 Necrotise                Necr           0%         1d4       77%         1
 Shock                    Conj/Air       0%         1d3       77%         1
 Sting                    Conj/Alch      0%         1d3       77%         1
 Blink                    Tloc           0%         N/A       88%         2
 Lesser Beckoning         Tloc           0%         N/A       88%         2
 Momentum Strike          Conj/Tloc      0%         3d8       88%         2
 Scorch                   Fire           0%         2d5       88%         2
 Confusing Touch          Hex            0%         N/A       98%         3
 Dazzling Flash           Conj/Hex       0%         N/A       98%         3
 Fugue of the Fallen      Necr           0%         N/A       98%         3
 Gell's Gravitas          Tloc           0%         N/A       98%         3
 Inner Flame              Hex/Fire       0%         N/A       98%         3
 Mephitic Cloud           Conj/Alch/Air  0%         N/A       98%         3
 Ozocubu's Armour         Ice            0%         N/A       98%         3
 Swiftness                Air            0%         N/A       98%         3
 Teleport Other           Tloc           0%         N/A       98%         3
 Vampiric Draining        Necr           0%         2d6       98%         3
 Volatile Blastmotes      Fire/Tloc      0%         2d10      98%         3
 Airstrike                Air            0%         2d(0-16)  100%        4
 Anguish                  Hex/Necr       0%         N/A       100%        4
 Cause Fear               Hex            0%         N/A       100%        4
 Dispel Undead            Necr           0%         3d6       100%        4
 Flame Wave               Conj/Fire      0%         2d4       100%        4
 Fulminant Prism          Conj/Alch      0%         3d5       100%        4
 Iskenderun's Mystic Bla  Conj/Tloc      0%         2d3       100%        4
 Leda's Liquefaction      Alch/Erth      0%         N/A       100%        4
 Manifold Assault         Tloc           0%         N/A       100%        4
 Olgreb's Toxic Radiance  Alch           0%         N/A       100%        4
 Sticky Flame             Fire/Alch      0%         2d4       100%        4
 Borgnjor's Vile Clutch   Necr/Erth      0%         N/A       100%        5
 Curse of Agony           Necr           0%         N/A       100%        5
 Irradiate                Conj/Alch      0%         3d11      100%        5
 Lee's Rapid Deconstruct  Erth           0%         3d4*      100%        5
 Silence                  Hex/Air        0%         N/A       100%        5
 Dispersal                Tloc           0%         N/A       100%        6
 Eringya's Noxious Bog    Alch           0%         4d6       100%        6
 Enfeeble                 Hex            0%         N/A       100%        7
 Ozocubu's Refrigeration  Ice            0%         4d7       100%        7
 Discord                  Hex            0%         N/A       100%        8
 Disjunction              Tloc           0%         N/A       100%        8
 Ignition                 Fire           0%         3d3       100%        8
 Maxwell's Capacitive Co  Air            0%         ∞         100%        8
 Summon Ice Beast         Ice/Summ       Unusable   N/A       N/A         3
 Animate Armour           Summ/Erth      Unusable   N/A       N/A         4
 Martyr's Knell           Necr/Summ      Unusable   N/A       N/A         4
 Summon Lightning Spire   Summ/Air       Unusable   N/A       N/A         4
 Summon Cactus Giant      Summ           Unusable   N/A       N/A         6

Dungeon Overview and Level Annotations

Branches:
Dungeon (15/15)            Temple (1/1) D:7            Lair (5/5) D:10
  Swamp (0/4) Lair:2       Spider (0/4) Lair:2        Slime (0/5) Lair:5
    Orc (2/2) D:10            Elf (3/3) Orc:2        Vaults (0/5) D:13
 Depths (0/4) D:15          Sewer (visited)           IceCv (visited)
 WizLab (1/1)             Gauntlet (visited)

Altars:
Ashenzari
Cheibriados
Dithmenos
Elyvilon
Fedhas
Gozag
Hepliaklqana
Kikubaaqudgha
Makhleb
Nemelex Xobeh
Okawaru
Qazlal
Ru
Sif Muna
Trog
Uskayaw
Vehumet
Wu Jian
Xom
Yredelemnul
Zin
The Shining One
Jiyva
Lugonu

Shops:
D:5 *   D:8 (   D:10 =   D:12 **   Orc:2 ((?[*   Elf:1 **=**   Elf:3 =::[

Portals:
Abyss: Lair:5

Annotations:
Lair:2 Casas
Elf:2 3 runed translucent doors


Innate Abilities, Weirdness & Mutations

You have a pair of horns on your head.
You reflexively headbutt those who attack you in melee.


Message History

You feel drained.
The antique champion closely misses you.
Unknown command.
You slice the antique champion!!
The antique champion is moderately damaged.
You block the antique champion's attack.
The antique champion hits you but does no damage.
You writhe in agony.
Unknown command.
You closely miss the antique champion. You headbutt the antique champion.
The antique champion is moderately damaged.
The antique champion hits you with a +0 double sword of draining!
You feel drained.
You hit the antique champion.
The antique champion blocks your attack.
The antique champion is moderately damaged.
The antique champion completely misses you.
You furiously retaliate!
You headbutt the antique champion.
You block the antique champion's attack.
You feel yourself speed up.
The antique champion hits you with a +0 double sword of draining.
You feel drained.
You block the freezing wraith's attack. x2
The wraith closely misses you.
The antique champion casts a spell at you.
You feel haunted.
The antique champion closely misses you.
You furiously retaliate!
You headbutt the antique champion.
You feel very mighty all of a sudden.
The antique champion completely misses you.
You block the freezing wraith's attack. x2
The wraith hits you but does no damage.
The antique champion hits you but does no damage.
You writhe in agony!!
* * * LOW HITPOINT WARNING * * *
Unknown command.
You feel much better.
The antique champion hits you with a +0 double sword of draining!!!
* * * LOW HITPOINT WARNING * * *
You feel drained.
You die...

############♣####♣#
##...♣..♣.♣..♣.♣...♣
#.................♣♣##
#♣♣..................♣.#
#......................♣
#......)#########......♣#
♣...)...#?W@#))?#.......#
#......##WWzz.))##......#
#♣8..###??##W##??###....#
#....#$)?[#...# ?$#.)..#
#....#$$###...### #...♣♣
#....#$$#§§z....# #....#
#....####..8.8..####....#
#....#..'§......'..#....#
♣....#..###...###..#....#


You could see 2 antique champions, 2 freezing wraiths and 2 wraiths.

Vanquished Creatures
  Rupert (D:15)
  Zenata (Elf:1)
  2 liches (WizLab)
  A sphinx (Elf:1)
  An ancient champion (WizLab)
  Roxanne (D:14)
  An azure jelly (Lair:5)
  2 deep elf sorcerers
  A juggernaut zombie (WizLab)
  A ghoul (WizLab)
  The ghost of RUZZLEFAZAZZLE the Blocker, a journeyman GnFi of Okawaru (D:12)
  2 reapers (IceCv)
  A stone giant (D:15)
  A vampire knight (WizLab)
  A minotaur (Gauntlet)
  A deep elf death mage (Elf:1)
  Azrael (D:12)
  2 jiangshi (WizLab)
  An ettin (D:13)
  5 fire dragons
  An ice dragon (D:13)
  A deep elf high priest (Elf:3)
  Harold (D:11)
  10 hydras
  2 catoblepae
  Erica (D:10)
  A ghost crab (Lair:2)
  A juggernaut simulacrum (WizLab)
  2 spriggan air magi (Elf:2)
  2 ogre magi
  A caustic shrike simulacrum (IceCv)
  8 centaur warriors
  The ghost of roadie00 the Cleaver, a novice MiFi of the Shining One (Lair:1)
  A boulder beetle (D:12)
  A death yak (Lair:3)
  13 two-headed ogres
  5 tengu warriors
  21 dancing weapons
  2 thrashing horrors (Lair:5)
  An orc high priest (Elf:3)
  7 deep elf knights
  14 skeletal warriors
  A skyshark (Lair:4)
  A storm dragon skeleton (WizLab)
  A deep troll (D:13)
  A bog body (IceCv)
  An arcanist (D:13)
  5 spriggan simulacra (IceCv)
  2 obsidian statues
  An orange crystal statue (IceCv)
  7 deep elf archers
  5 harpies (Elf:1)
  A golden dragon skeleton (WizLab)
  4 phantasmal warriors (WizLab)
  A steelbarb worm (shapeshifter) (Elf:2)
  2 lightning spires (Elf:2)
  28 deep elf pyromancers
  2 orc knights (Orc:2)
  21 deep elf zephyrmancers
  An orc sorcerer (Orc:1)
  A wolf spider (D:13)
  A wolf spider zombie (D:13)
  10 ugly things
  8 cyclopes
  10 elephants
  4 manticores
  2 centaur zombies (D:13)
  5 meliai
  4 kobold blastminers (Orc:2)
  2 smoke demons (Lair:5)
  7 black mambas
  A torpor snail (Lair:3)
  10 cane toads
  An unseen horror (D:11)
  2 large abominations (Lair:5)
  A gargoyle (D:12)
  A rime drake (shapeshifter) (Lair:5)
  3 rime drakes
  6 komodo dragons
  2 efreet
  A golden dragon simulacrum (WizLab)
  5 freezing wraiths (IceCv)
  3 ice devils (IceCv)
  A redback zombie (D:13)
  4 trolls
  A queen bee (D:11)
  A troll (shapeshifter) (Lair:5)
  A queen bee (shapeshifter) (D:13)
  A spectral elephant (Lair:2)
  6 polar bears
  36 blink frogs
  2 raiju (Lair:5)
  A stone giant simulacrum (WizLab)
  A spectral black mamba (Lair:2)
  2 jumping spiders (Lair:2)
  8 dream sheep
  12 slime creatures
  11 air elementals
  An ettin skeleton (WizLab)
  5 wyverns
  6 shadows
  7 vampires
  2 ynoxinuls (Lair:5)
  8 water elementals
  4 wraiths
  A dire elephant simulacrum (IceCv)
  64 yaks
  12 basilisks
  A spectral komodo dragon (Lair:2)
  5 wargs
  5 fire elementals
  A steam dragon (D:7)
  3 minotaur simulacra (IceCv)
  A redback (Lair:2)
  7 vampire mosquitoes
  3 chaos spawn
  A neqoxec (Gauntlet)
  Edmund (D:5)
  A harpy simulacrum (IceCv)
  2 swamp worms (Gauntlet)
  10 hell hounds
  18 water moccasins
  A spectral polar bear (Lair:2)
  2 ice beasts
  40 orc warriors
  A black bear (Lair:1)
  2 laughing skulls (D:15)
  7 small abominations (Lair:5)
  25 centaurs
  2 ettin simulacra (IceCv)
  9 ogres
  4 wolves (Lair:5)
  A swamp dragon skeleton (WizLab)
  2 phantoms (D:6)
  18 bullfrogs
  A kobold brigand (D:9)
  2 gnoll sergeants (D:9)
  A cyclops zombie (WizLab)
  7 scorpions
  A spectral water moccasin (Lair:2)
  2 deep troll simulacra
  An earth elemental (Elf:2)
  A two-headed ogre simulacrum (WizLab)
  2 oklob saplings (D:8)
  3 lindwurm simulacra (IceCv)
  41 killer bees
  A swamp dragon simulacrum (WizLab)
  6 electric eels
  9 howler monkeys
  6 hounds
  6 jellies
  A bombardier beetle (D:3)
  8 orc priests
  3 iguanas
  Natasha (thrice) (D:4 D:3)
  15 orc wizards
  3 sleepcaps
  2 hell rats (Elf:1)
  Robin (D:2)
  12 gnolls
  12 adders
  2 river rats
  2 shadow imps
  A white imp (D:8)
  A dart slug (D:1)
  2 ribbon worms
  62 orcs
  15 ball pythons
  6 bats
  14 endoplasms
  4 giant cockroaches
  15 goblins
  13 hobgoblins
  3 jackals
  10 kobolds
  A quokka (D:4)
  6 frilled lizards
  4 rats
  3 butterflies
985 creatures vanquished.

Vanquished Creatures (others)
  A thrashing horror (Lair:5)
  2 lightning spires (Elf:2)
  An unseen horror (D:12)
  An orc wizard (Orc:2)
5 creatures vanquished.

Grand Total: 990 creatures vanquished

Notes
Turn   | Place    | Note
-------+----------+-------------------------------------------
     0 | D:1      | Peloso the Minotaur Fighter began the quest for the Orb.
     0 | D:1      | Reached XP level 1. HP: 19/19 MP: 0/0
   102 | D:1      | Reached XP level 2. HP: 27/27 MP: 1/1
   383 | D:1      | Reached XP level 3. HP: 33/33 MP: 2/2
   385 | D:1      | Found a faded altar of an unknown god.
   700 | D:2      | Reached skill level 3 in Long Blades
   833 | D:2      | Noticed Robin
   855 | D:2      | Killed Robin
  1057 | D:2      | Reached XP level 4. HP: 40/40 MP: 3/3
  1100 | D:2      | Found a shimmering blue altar of Sif Muna.
  1474 | D:3      | Reached skill level 1 in Dodging
  1494 | D:3      | Found a hazy altar of Hepliaklqana.
  1708 | D:3      | Identified the +2 spear "Odypam" {flame, Will+ Int+4}
  1914 | D:3      | Reached skill level 4 in Long Blades
  2420 | D:4      | Reached XP level 5. HP: 27/47 MP: 4/4
  2546 | D:4      | Noticed Natasha
  2553 | D:4      | Killed Natasha
  2555 | D:4      | Noticed Natasha
  2561 | D:4      | Killed Natasha
  2562 | D:4      | Reached skill level 1 in Unarmed Combat
  2721 | D:4      | Noticed Natasha
  2738 | D:3      | Killed Natasha
  2739 | D:3      | Reached XP level 6. HP: 47/53 MP: 5/5
  2997 | D:4      | Reached skill level 5 in Long Blades
  3010 | D:4      | Reached skill level 5 in Armour
  3042 | D:4      | Reached skill level 1 in Stealth
  3058 | D:4      | Found an iron altar of Okawaru.
  3071 | D:4      | Became a worshipper of Warmaster Okawaru
  3424 | D:5      | Entered Level 5 of the Dungeon
  3468 | D:5      | Noticed an ice beast
  3486 | D:5      | Killed an ice beast
  3487 | D:5      | Reached skill level 5 in Fighting
  3685 | D:5      | Found Saggoug's Assorted Antiques.
  3702 | D:5      | Bought a black potion for 18 gold pieces
  3702 | D:5      | Bought a blackened scale mail for 189 gold pieces
  3702 | D:5      | Identified the +6 scale mail of Cynicism {rElec rF+ Str-4}
                  | (You bought it in a shop on level 5 of the Dungeon)
  3856 | D:5      | Reached XP level 7. HP: 46/61 MP: 6/6
  4052 | D:5      | Noticed Edmund
  4069 | D:5      | Killed Edmund
  4070 | D:5      | Reached skill level 6 in Long Blades
  4192 | D:5      | Reached * piety under Okawaru
  4690 | D:6      | Reached skill level 7 in Long Blades
  4690 | D:6      | Reached XP level 8. HP: 61/70 MP: 7/7
  4743 | D:6      | Reached ** piety under Okawaru
  4789 | D:6      | Found a shimmering altar of Xom.
  4951 | D:6      | Found a glowing drain.
  4961 | Sewer    | Entered a sewer
  5167 | Sewer    | Found a viscous altar of Jiyva.
  5447 | D:6      | Reached skill level 8 in Long Blades
  5992 | D:7      | Found a staircase to the Ecumenical Temple.
  6006 | D:7      | Reached skill level 9 in Long Blades
  6011 | D:7      | Reached *** piety under Okawaru
  6015 | D:7      | Reached XP level 9. HP: 71/78 MP: 8/8
  6029 | Temple   | Entered the Ecumenical Temple
  6379 | D:7      | Found a broken altar of Ashenzari.
  6390 | D:7      | Reached skill level 10 in Long Blades
  6448 | D:7      | Found a hide-covered altar of Uskayaw.
  6604 | D:8      | Found an opulent altar of Gozag.
  6705 | D:8      | Reached **** piety under Okawaru
  6724 | D:8      | Reached skill level 5 in Dodging
  6757 | D:8      | Noticed a centaur warrior
  6763 | D:8      | Noticed a tengu warrior
  6763 | D:8      | Noticed a cyclops
  7308 | D:9      | Reached XP level 10. HP: 88/88 MP: 9/9
  7393 | D:9      | Reached skill level 11 in Long Blades
  7507 | D:9      | Reached skill level 5 in Shields
  7653 | D:9      | Reached skill level 10 in Armour
  7897 | D:9      | Found a glowing golden altar of the Shining One.
  7947 | D:9      | Reached ***** piety under Okawaru
  7952 | D:9      | Reached skill level 12 in Long Blades
  8661 | D:10     | Entered Level 10 of the Dungeon
  8690 | D:10     | Found Zolotzul's Jewellery Shoppe.
  8748 | D:10     | Noticed a two-headed ogre
  8791 | D:10     | Killed a two-headed ogre
  8792 | D:10     | Reached skill level 13 in Long Blades
  8797 | D:10     | Received a gift from Okawaru
  8798 | D:10     | Reached XP level 11. HP: 27/95 MP: 10/10
  9229 | D:10     | Found a staircase to the Lair.
  9238 | D:10     | Noticed Erica
  9266 | D:10     | Killed Erica
  9503 | D:10     | Found a basalt altar of Yredelemnul.
  9717 | D:10     | Reached skill level 1 in Invocations
  9998 | D:10     | Found a burning altar of Makhleb.
 10265 | D:10     | Found a staircase to the Orcish Mines.
 10714 | D:11     | Reached skill level 14 in Long Blades
 10719 | D:11     | Received a gift from Okawaru
 10842 | D:11     | Noticed Harold
 10861 | D:11     | Killed Harold
 10877 | D:11     | Reached skill level 10 in Fighting
 11389 | Lair:1   | Entered Level 1 of the Lair of Beasts
 11438 | Lair:1   | Noticed roadie00's ghost (novice MiFi)
 11539 | Lair:1   | Reached XP level 12. HP: 108/108 MP: 11/11
 11545 | Lair:1   | Received a gift from Okawaru
 12403 | Lair:1   | Found a runed translucent door.
 13185 | Lair:2   | Reached skill level 15 in Long Blades
 13220 | Lair:2   | Noticed an eight-headed hydra
 13228 | Lair:2   | Killed a three-headed hydra
 13240 | Lair:2   | Received a gift from Okawaru
 13602 | Lair:2   | Found a hole to the Spider Nest.
 14108 | Lair:2   | Found a staircase to the Swamp.
 14108 | Lair:2   | Noticed a ghost crab
 14127 | Lair:2   | Killed a ghost crab
 14437 | Lair:3   | Found a gate leading to a gauntlet.
 14447 | Gauntlet | Entered a Gauntlet
 14447 | Gauntlet | Found a transporter.
 14447 | Gauntlet | Found a runed translucent door.
 14447 | Gauntlet | Found a runed translucent door.
 14450 | Gauntlet | Found a transporter.
 14452 | Gauntlet | Found a transporter.
 14469 | Gauntlet | Found a transporter.
 14471 | Gauntlet | Found a transporter.
 14567 | Gauntlet | Found a transporter.
 14580 | Gauntlet | Found a transporter.
 14588 | Gauntlet | Found a transporter.
 14604 | Gauntlet | Found a transporter.
 14610 | Gauntlet | Found a transporter.
 14634 | Gauntlet | Found a transporter.
 14634 | Gauntlet | Found a transporter.
 14667 | Gauntlet | Found a transporter.
 14671 | Gauntlet | Found a transporter.
 14746 | Gauntlet | Received a gift from Okawaru
 14851 | Gauntlet | Identified the ring of the Messenger {rC+ Will++ Str+3
                  | Stlth-}
 15029 | Gauntlet | Identified the +4 plate armour of the Enchanted Forest
                  | {rPois rC+ MP+9 Str-5}
 15029 | Gauntlet | Noticed a minotaur
 15039 | Gauntlet | Killed a minotaur
 15040 | Gauntlet | Reached XP level 13. HP: 109/119 MP: 9/12
 15308 | Lair:3   | Found a runed translucent door.
 15875 | Lair:3   | Reached skill level 10 in Shields
 16356 | Lair:3   | Identified the staff of the Shifting Dove {rPois Dex+3
                  | Alchemy}
 16829 | D:8      | Received a gift from Okawaru
 16839 | D:8      | Found Pias's Antique Weapon Emporium.
 17975 | D:12     | Found a runed translucent gate.
 17976 | D:12     | Found a runed translucent gate.
 17977 | D:12     | Found a runed translucent gate.
 17980 | D:12     | Found an opulent altar of Gozag.
 17981 | D:12     | Found Peefeinu's Assorted Antiques.
 17981 | D:12     | Noticed RUZZLEFAZAZZLE's ghost (journeyman GnFi)
 17984 | D:12     | Found Rusism's Assorted Antiques.
 18088 | D:12     | Noticed Azrael
 18108 | D:12     | Killed Azrael
 18412 | D:12     | Reached skill level 16 in Long Blades
 18602 | D:12     | Received a gift from Okawaru
 19417 | Orc:1    | Entered Level 1 of the Orcish Mines
 19577 | Orc:2    | Entered Level 2 of the Orcish Mines
 19577 | Orc:2    | Found Posam's Practical Paraphernalia.
 20012 | Orc:2    | Found a staircase to the Elven Halls.
 20072 | Orc:2    | Received a gift from Okawaru
 20085 | Orc:2    | HP: 3/124 [kobold blastminer/iron shot (33)]
 20385 | Orc:2    | Reached XP level 14. HP: 132/132 MP: 14/14
 20979 | Orc:2    | Found Vusefroe's Magic Scroll Shop.
 20979 | Orc:2    | Found Jettem's Weapon Emporium.
 20981 | Orc:2    | Found Cuotene's Weapon Shoppe.
 20983 | Orc:2    | Found Urosch's Antique Armour Boutique.
 20987 | Orc:2    | Bought a scroll of revelation for 120 gold pieces
 22156 | Orc:2    | Bought the +9 sword of Zonguldrok {reap} for 1280 gold
                  | pieces
 22156 | Orc:2    | Found the +9 sword of Zonguldrok {reap}
 22328 | Lair:1   | Killed roadie00's ghost
 22977 | Lair:4   | Reached skill level 1 in Evocations
 22988 | Lair:4   | Reached ****** piety under Okawaru
 23285 | Lair:4   | Received a gift from Okawaru
 24278 | Lair:5   | Entered Level 5 of the Lair of Beasts
 24386 | Lair:5   | Noticed an azure jelly
 24405 | Lair:4   | Reached skill level 17 in Long Blades
 25065 | Lair:5   | Reached skill level 15 in Fighting
 25308 | Lair:4   | Received a gift from Okawaru
 25466 | Lair:5   | Found a shadowy altar of Dithmenos.
 25695 | Lair:5   | Found a staircase to the Slime Pits.
 25695 | Lair:5   | Found a viscous altar of Jiyva.
 25767 | Lair:5   | Killed an azure jelly
 26033 | Lair:5   | Reached skill level 15 in Armour
 26347 | Lair:5   | Received a gift from Okawaru
 26566 | Lair:5   | Got the Thoughts on Rime and Ceraunoscopy
 26629 | Lair:5   | Reached XP level 15. HP: 133/141 MP: 15/15
 26688 | Lair:5   | Found a corrupted altar of Lugonu.
 26688 | Lair:5   | Found a one-way gate to the infinite horrors of the Abyss.
 27697 | D:13     | Identified the +8 chain mail "Oqilepee" {rElec Regen+
                  | Int+2}
 28113 | D:13     | Reached skill level 18 in Long Blades
 28218 | D:13     | Found a gate to the Vaults.
 28509 | D:13     | Received a gift from Okawaru
 28632 | D:13     | Found the brooch of Shielding {Spirit SH+8}
 28769 | D:14     | Noticed Roxanne
 28789 | D:14     | Killed Roxanne
 28980 | D:14     | Received a gift from Okawaru
 29469 | D:15     | Entered Level 15 of the Dungeon
 29484 | D:15     | Noticed Rupert
 29508 | D:15     | Killed Rupert
 29511 | D:15     | Received a gift from Okawaru
 29724 | D:15     | Found a radiant altar of Vehumet.
 30016 | D:15     | Reached XP level 16. HP: 154/154 MP: 16/16
 30051 | D:15     | Reached skill level 15 in Shields
 30095 | D:15     | Received a gift from Okawaru
 30102 | D:15     | Found a staircase to the Depths.
 30270 | D:15     | Reached skill level 19 in Long Blades
 30547 | Elf:1    | Entered Level 1 of the Elven Halls
 30571 | Elf:1    | Found Uneog's General Store.
 30575 | Elf:1    | Bought a scroll of revelation for 97 gold pieces
 30691 | Elf:1    | Found Heefrano's Jewellery Emporium.
 30696 | Elf:1    | Found Janih's General Store.
 30707 | Elf:1    | Found Kifuej's General Store.
 30756 | Elf:1    | Noticed a sphinx
 30757 | Elf:1    | Received a gift from Okawaru
 30768 | Elf:1    | Killed a sphinx
 30850 | Elf:1    | Found Oriplum's Assorted Antiques.
 30923 | Elf:1    | Received a gift from Okawaru
 31133 | Elf:1    | Got the Quarto of Earthen Effluvium
 31148 | Elf:1    | Noticed Zenata
 31164 | Elf:1    | HP: 7/157 [+0 scimitar of holy wrath[Zenata] (14)]
 31536 | Elf:1    | Killed Zenata
 32012 | D:12     | Killed RUZZLEFAZAZZLE's ghost
 32020 | D:12     | Reached skill level 10 in Dodging
 32369 | Elf:2    | Found a glacial archway.
 32376 | IceCv    | Entered an ice cave
 32787 | IceCv    | Reached XP level 17. HP: 165/165 MP: 17/17
 32815 | IceCv    | Reached skill level 20 in Long Blades
 32937 | Elf:2    | Received a gift from Okawaru
 33583 | Elf:2    | Found a runed translucent door.
 33672 | Elf:2    | Paralysed by an air elemental for 1 turns
 33701 | Elf:2    | Received a gift from Okawaru
 33841 | Elf:2    | Found a runed translucent gate.
 33842 | Elf:2    | Found a runed translucent gate.
 33842 | Elf:2    | Found a runed translucent gate.
 33976 | Elf:2    | Paralysed by an air elemental for 1 turns
 33978 | Elf:2    | Paralysed by an air elemental for 1 turns
 33982 | Elf:2    | Paralysed by an air elemental for 1 turns
 33991 | Elf:2    | Paralysed by an air elemental for 1 turns
 33996 | Elf:2    | Paralysed by an air elemental for 1 turns
 34018 | Elf:2    | Paralysed by an air elemental for 1 turns
 34035 | Elf:2    | Paralysed by an air elemental for 1 turns
 34055 | Elf:2    | Identified the +0 storm dragon scales of Amelioration
                  | {Rampage rElec rPois Dex-4}
 34891 | Elf:3    | Entered Level 3 of the Elven Halls
 34951 | Elf:3    | Found Jodic's Jewellery Shop.
 34951 | Elf:3    | Found Coeqozin's Book Emporium.
 34952 | Elf:3    | Found Wicot's Book Emporium.
 34988 | Elf:3    | Paralysed by an air elemental for 1 turns
 35014 | Elf:3    | Found Viv Mecw's Antique Armour Emporium.
 35017 | Elf:3    | Bought a pair of ichor-stained boots for 437 gold pieces
 35017 | Elf:3    | Identified the +0 pair of boots "Qeanou" {rPois} (You
                  | bought it in a shop on level 3 of the Elven Halls)
 35073 | Elf:3    | Received a gift from Okawaru
 35077 | Elf:3    | Found a magical portal.
 35086 | WizLab   | Entered Zonguldrok's Shrine
 35417 | WizLab   | Noticed a lich
 35417 | WizLab   | Noticed a lich
 35425 | WizLab   | Killed a lich
 35446 | WizLab   | Killed a lich
 35447 | WizLab   | Reached skill level 21 in Long Blades
 35481 | WizLab   | Identified the +6 double sword of Gimporob {pain, rF++ rC+}
 35481 | WizLab   | Noticed an antique champion
 35481 | WizLab   | Noticed an antique champion
 35485 | WizLab   | Identified the +8 shadow dragon scales of Panentheism {rC+
                  | Stlth++++}
 35501 | WizLab   | Mangled by an antique champion

Illustrated notes

Levels and vault maps discovered:
D:1:      minmay_arrival_four_loops, layout_basic, basic_ecumenical_altar,
          minmay_lizard_pond
D:2:      layout_basic, basic_altar, uniq_robin
D:3:      layout_loops_ring, mainiacjoe_overflow_alcove_4, nicolae_eternal_life,
          serial_bayou_lake_a
D:4:      layout_cave_pools, okawaru_ov_weapons_minmay, dreamdust_gnoll_farm,
          uniq_natasha
D:5:      layout_cave_pods, serial_shops, shop_fountains, uniq_edmund
D:6:      layout_loops_ring, xom_butterflies, cheibrodos_sewer_entry_sluice
D:7:      layout_rooms, cheibrodos_ashenzari_chains,
          mainiacjoe_overflow_six_doors_small, temple_green
D:8:      nzn_winding_woodlands_cross [nzn_winding_woodlands_5x15_sidewinder,
          nzn_winding_woodlands_5x15_longhouse,
          nzn_winding_woodlands_5x15_garden,
          nzn_winding_woodlands_5x15_split_checker,
          nzn_winding_woodlands_15x15_five_gardens], layout_basic,
          mainiacjoe_overflow_brackets, serial_shops,
          nicolae_shop_pleasant_corner_grove, introduction_to_nature_2
D:9:      layout_basic, general_overflow_altar, serial_bayou_pond_b
D:10:     layout_layer_cave, lemuel_coloured_pillars_altar,
          yredelemnul_altar_generic, minmay_lair_entry_grove, david_orc_4,
          serial_shops, shop, uniq_erica
D:11:     layout_basic, special_room [special_room_bee], serial_bayou_crossing,
          uniq_harold
D:12:     layout_basic, ebering_ghost_gozag, nicolae_two_hexagons,
          minmay_misc_feat_enclosed, minmay_misc_feat_plants, uniq_azrael
D:13:     minmay_shrinking_squares, layout_long_grid, david_vaults_4,
          serial_undead, serial_undead_a, serial_undead_d, serial_undead_c,
          serial_undead_e
D:14:     layout_rooms, minmay_staircase_windowed_small, uniq_roxanne
D:15:     grunt_enter_depths_snipers, layout_long_grid,
          nicolae_vehumet_altar_sigil, uniq_rupert
Temple:   compressed_dpeg_triangle_lava_temple
Lair:1:   layout_long_grid, hellmonk_ghost_happy_afterlife,
          infiniplex_staircase_pool, serial_bayou_shore_a, lemuel_fruit_fields
Lair:2:   layout_hall_layers, nicolae_swamp_entry_spooky, spider_nest_entry_a
Lair:3:   layout_hall_layers, serial_bayou, serial_bayou_pond_b,
          serial_bayou_lagoon_a, serial_bayou_ford_a, serial_bayou_pond_d,
          gauntlet_entry_generic, pf_torpor_hydra, infiniplex_staircase_pool_2
Lair:4:   beargit_carnivore_pack, layout_cave_pods, grunt_megastairs_4
Lair:5:   hellmonk_lair_end_abyssal_woods, layout_cave_shapes, slime_entry_1,
          basic_altar, nicolae_lair_time_for_slime
Orc:1:    layout_diamond_mine
Orc:2:    st_orc_rangers, layout_diamond_mine, basic_altar,
          nicolae_alphabet_shops
Elf:1:    nicolae_elf_arrival_fired_up, layout_rooms, special_room
          [special_room_mythical_zoo], serial_shops, shop, shop,
          nicolae_shop_statue_plus, nicolae_square_shop, shop,
          minmay_elf_sorcery, nicolae_elf_glass_and_crystal_pillar_1,
          uniq_zenata
Elf:2:    nicolae_elf_blades_crystal_corner, layout_onion_city,
          portal_ice_cave_entry_pillars_three, hangedman_aerie_drop
Elf:3:    minmay_elf_hall_not_hex, layout_loops_ring, serial_shops,
          nicolae_shop_real_fake_doors, infiniplex_enter_wizlab_glasses,
          minmay_shop_grove, grunt_megastairs_1
WizLab:   wizlab_zonguldrok

Skill      XL: |  1  2  3  4  5  6  7  8  9 10 11 12 13 14 15 16 17 |
---------------+----------------------------------------------------+-----
Fighting       | 4 5 6 7 8 10 12 14 15 16 18 19 | 19.4
Armour         | 4 5 6 7 9 10 11 12 13 15 16 | 16.8
Shields        | 4 6 8 9 11 13 14 16 17 | 17.9
Long Blades    | 3 4 5 7 9 10 13 14 15 16 17 18 19 21 | 21.0
Dodging        | 1 2 3 4 5 6 7 8 9 10 | 10.5
Unarmed Combat | 1 |  1.3
Stealth        | 1 2 3 4 |  4.0
Invocations    | 1 2 |  2.4
Evocations     | 1 |  1.1

Action                     |  1- 3 |  4- 6 |  7- 9 | 10-12 | 13-15 | 16-18 || total
---------------------------+-------+-------+-------+-------+-------+-------++-------
  Melee: Long sword        |    73 |   127 |   322 |   120 |       |       ||   642
         Headbutt          |    14 |    22 |    80 |   181 |   345 |   252 ||   894
         Unarmed           |    23 |     9 |       |       |       |       ||    32
         Punch             |       |       |     2 |       |       |       ||     2
         Scimitar          |       |       |       |   581 |   527 |    34 ||  1142
         Double sword      |       |       |       |       |   783 |   872 ||  1655
 Invoke: Heroism           |       |       |     1 |    10 |     8 |    13 ||    32
  Evoke: Wand              |       |       |       |     3 |     1 |       ||     4
    Use: Potion            |     4 |       |       |     5 |     3 |     5 ||    17
         Scroll            |       |     5 |    13 |     6 |     8 |     4 ||    36
   Stab: Invisible         |       |       |       |     5 |       |       ||     5
         Petrifying        |       |       |       |       |     1 |       ||     1
 Armour: Scale mail        |    52 |   101 |   287 |   481 |       |       ||   921
         Skin              |    21 |     5 |       |       |       |       ||    26
         Plate armour      |       |       |       |       |   964 |       ||   964
         Chain mail        |       |       |       |       |   238 |   543 ||   781
  Dodge: Dodged            |    67 |    81 |   215 |   316 |   729 |   354 ||  1762
  Block: Buckler           |    19 |     6 |    30 |   210 |   723 |   629 ||  1617
         Form:             |       |       |       |       |     1 |       ||     1
         Dragon            |       |       |       |       |     1 |       ||     1
